Map: Catalyst LE

Players

Ziggy - Winner!

  • Race: Terran Terran
  • Spawn Location: 5:00

Nistic

  • Race: Zerg Zerg
  • Spawn Location: 11:00

Event: WCS Austin 2018

VOD

Have the link to the VOD?

Description

Time

  • Played on: June 1, 2018, 2:27 p.m.
  • Length: 7:54

All games in this series

Show
View Real Time Build Order
Export as new Build Order

Ziggy Terran - Winner!

Build Orders:  

Get SALT Encoding   

  12  0:00  SCV  
  13  0:12  SCV  
  14  0:18  Supply Depot  
  14  0:25  SCV  
  15  0:40  SCV  
  16  0:43  Barracks  
  16  0:45  Refinery  
  16  0:52  SCV  
  17  1:00  Barracks  
  17  1:04  SCV  
  18  1:16  SCV  
  19  1:30  Orbital Command, Reaper  
  20  1:36  Barracks  
  20  1:43  Refinery  
  20  1:47  Reaper  
  20  1:54  Supply Depot  
  21  1:57  SCV  
  22  2:04  Reaper  
  24  2:15  SCV  
  24  2:19  Reaper  
  25  2:25  Reaper  
  25  2:27  SCV  
  27  2:36  Reaper  
  28  2:39  SCV  
  29  2:51  Reaper  
  29  2:53  Command Center  
  29  2:57  Supply Depot  
  30  2:59  Reaper  
  31  3:18  Reaper, SCV  
  33  3:23  Reaper  
  33  3:25  Barracks  
  34  3:30  SCV  
  34  3:31  Reaper  
  36  3:43  SCV  
  37  3:50  Reaper  
  37  3:55  SCV  
  39  4:05  Reaper x2  
  39  4:07  SCV  
  39  4:08  Orbital Command  
  42  4:12  Refinery  
  42  4:15  Barracks  
  42  4:17  Barracks  
  42  4:18  Reaper  
  42  4:19  SCV  
  42  4:22  Reaper  
  39  4:33  SCV  
  39  4:35  SCV  
  39  4:37  Reaper x2, Supply Depot  
  43  4:42  Refinery  
  43  4:50  Reaper  
  43  4:51  SCV  
  45  4:55  Reaper  
  45  4:58  SCV  
  45  5:09  Reaper x2  
  45  5:11  Reaper  
  45  5:12  SCV  
  45  5:13  Reaper  
  47  5:16  SCV  
  48  5:22  Reaper  
  48  5:24  SCV  
  48  5:27  Reaper  
  51  5:32  SCV  
  52  5:36  SCV  
  52  5:39  Supply Depot  
  52  5:41  Reaper x2  
  55  5:43  Reaper  
  55  5:44  SCV  
  55  5:46  Reaper  
  56  5:54  Reaper  
  56  5:56  SCV x2  
  58  5:59  Reaper  
  59  6:05  Supply Depot x2  
  58  6:13  Reaper x2  
  58  6:15  Reaper  
  58  6:16  SCV  
  58  6:18  Reaper  
  63  6:26  Reaper  
  63  6:29  SCV  
  63  6:31  Reaper  
  65  6:34  SCV  
  66  6:40  Command Center  
  66  6:45  Reaper x2  
  68  6:47  Reaper  
  68  6:50  Reaper  
  69  6:55  SCV x2  
  69  6:59  Reaper  
  72  7:03  Reaper  
  72  7:07  SCV  
  69  7:18  Reaper x2  
  69  7:20  Reaper  
  69  7:22  Reaper  
  69  7:27  SCV  
  69  7:39  Command Center x2  
  67  7:52  Engineering Bay  
  67  7:53  Engineering Bay  
Show
View Real Time Build Order
Export as new Build Order

Nistic Zerg 

Build Orders: Hatch First 

Get SALT Encoding   

  12  0:02  Drone  
  13  0:08  Drone  
  14  0:18  Overlord  
  14  0:21  Extractor  
  14  0:24  Drone  
  15  0:36  Drone x2  
  17  0:45  Drone  
  18  0:57  Hatchery  
  18  1:00  Drone  
  18  1:02  Extractor  
  17  1:13  Spawning Pool  
  17  1:17  Drone  
  17  1:20  Drone  
  18  1:29  Drone  
  19  1:39  Overlord  
  19  1:49  Drone  
  20  2:00  Queen  
  22  2:02  Zergling x2  
  22  2:03  Metabolic Boost  
  23  2:09  Queen  
  23  2:12  Spine Crawler  
  23  2:14  Zergling x2  
  25  2:19  Zergling x2  
  26  2:26  Zergling x4  
  28  2:36  Overlord  
  27  2:51  Zergling x2  
  27  2:52  Zergling x6  
  27  2:54  Queen  
  33  3:12  Zergling x6  
  36  3:18  Zergling x8  
  36  3:19  Zergling x2  
  41  3:29  Overlord  
  40  3:39  Overlord  
  40  3:44  Zergling x4  
  41  4:01  Lair, Drone x2  
  43  4:06  Overlord x2  
  41  4:10  Zergling x8  
  41  4:13  Drone  
  44  4:28  Zergling x6  
  44  4:29  Zergling x2  
  44  4:36  Drone x4  
  48  4:38  Extractor  
  43  4:53  Zergling x10  
  43  4:54  Zergling x2  
  48  5:06  Zergling x2  
  48  5:07  Zergling x6  
  46  5:14  Drone  
  46  5:19  Hydralisk Den  
  46  5:21  Drone x2  
  48  5:23  Queen  
  50  5:33  Drone x2  
  51  5:39  Drone  
  51  5:54  Muscular Augments  
  51  5:55  Drone x5  
  55  5:59  Hydralisk x2  
  58  6:08  Hydralisk  
  58  6:10  Zergling x2  
  58  6:11  Zergling x4  
  55  6:19  Extractor  
  55  6:21  Hydralisk  
  55  6:24  Hydralisk  
  55  6:26  Zergling x2  
  55  6:28  Queen, Zergling x4  
  60  6:36  Drone  
  60  6:38  Hydralisk  
  60  6:49  Zergling x6  
  60  6:53  Hydralisk  
  59  6:54  Zergling x2  
  59  6:55  Zergling x6  
  59  6:56  Queen  
  57  7:11  Zergling x6  
  53  7:17  Hydralisk x2  
  53  7:19  Zergling x4  
  49  7:27  Hydralisk  
  46  7:30  Zergling x2  
Tags
 
Add a new tag
Caveats
  • Supply blocks, unpowered buildings, or Contaminate may cause inaccurate times.
  • Supply counts are checked every 10 seconds.